 Dungeon Crawl Stone Soup version 0.29-a0-542-g075992c915 (webtiles) character file.

Game seed: 9356630961244936503

211 dohliylev the Chopper (level 5, -1/48 HPs)
             Began as a Minotaur Berserker on June 4, 2022.
             Was a Believer of Trog.
             Slain by an orc
             ... wielding a +0 flail
              (7 damage)
             ... on level 4 of the Dungeon.
             The game lasted 00:03:48 (2174 turns).

dohliylev the Chopper (Minotaur Berserker)          Turns: 2174, Time: 00:03:48

Health: -1/48      AC:  5    Str: 24    XL:     5   Next: 57%
Magic:  4/4        EV: 11    Int:  4    God:    Trog [**....]
Gold:   107        SH:  0    Dex:  9    Spells: 4/4 levels left

rFire   . . .      SeeInvis .   a - +0 hand axe
rCold   . . .      Faith    .   (no shield)
rNeg    . . .      Spirit   .   j - +0 ring mail
rPois   .          Reflect  .   (helmet restricted)
rElec   .          Harm     .   (no cloak)
rCorr   .          Rampage  .   (no gloves)
Will    .....                   (no boots)
Stlth   ..........              (no amulet)
HPRegen 0.16/turn               (no ring)
MPRegen 0.09/turn               (no ring)

@: on berserk cooldown, slowed, very slow
A: horns 2, retaliatory headbutt
a: Renounce Religion, Berserk, Trog's Hand


You were on level 4 of the Dungeon.
You worshipped Trog.
Trog was pleased with you.
You visited 1 branch of the dungeon, and saw 5 of its levels.

You collected 107 gold pieces.

Inventory:

Hand Weapons
 a - a +0 hand axe (weapon)
Armour
 j - a +0 ring mail (worn)
 m - a +1 cloak
Wands
 k - a wand of polymorph (10)
 l - a wand of paralysis (11)
Scrolls
 b - 3 scrolls of amnesia {unknown}
 c - a scroll of enchant weapon {unknown}
 d - 3 scrolls of magic mapping {unknown}
 f - 2 scrolls of identify {unknown}
Potions
 e - a potion of lignification {unknown}
 g - a potion of flight {unknown}
 h - a potion of attraction {unknown}
 i - a potion of invisibility {unknown}


   Skills:
 * Level 5.2 Fighting
 + Level 5.7 Axes
 + Level 3.2 Armour
 + Level 3.1 Dodging


You had 4 spell levels left.
You didn't know any spells.
Your spell library was empty.

Dungeon Overview and Level Annotations

Branches:
Dungeon (5/15)
 Temple: D:4-7

Altars:


Innate Abilities, Weirdness & Mutations

You have a pair of horns on your head.
You reflexively headbutt those who attack you in melee.


Message History

You kill the orc!
Trog accepts your kill.
You hit the orc.
The orc is severely wounded.
You slash the orc!
You kill the orc!
Trog accepts your kill.
A goblin comes into view. It is wielding a +0 club.
An orc comes into view. It is wielding a +0 trident.
The goblin shouts!
You slash the orc!
You kill the orc!
Trog accepts your kill.
You see here a +1 cloak.
m - a +1 cloak You feel a strong urge to attack something.
An orc comes into view. It is wielding a +0 mace.
You hear the slow rusting of a very distant drain.
You are no longer berserk.
You are exhausted.
You feel yourself slow down.
You feel the effects of Trog's Hand fading.
The orc shouts!
An orc comes into view. It is wielding a +0 dagger.
You see here a +0 hand axe.
A ball python comes into view.
The ball python hisses angrily.
The orc hits you with a +0 flail. The orc attacks as you move away!
The orc hits you with a +0 flail.
* * * LOW HITPOINT WARNING * * *
Your skin stops crawling.
You feel less strong-willed. The orc barely misses you.
The orc attacks as you move away! The orc hits you with a +0 flail.
* * * LOW HITPOINT WARNING * * *
The orc hits you with a +0 flail.
* * * LOW HITPOINT WARNING * * *
The orc barely misses you.
There is a stone staircase leading up here.
The orc hits you with a +0 flail!
You die...

#.....
####......
##.........
##...)......
#..)))......
#...Soo.....
#...o......?
#..og.....^.
#>.@........
##..........
#..........#
#..........#
#.>.!......
#..........
#..........
##........#


You could see 4 orcs, a goblin and a ball python.

Vanquished Creatures
  An orc priest (D:5)
  An orc wizard (D:5)
  Natasha (thrice) (D:2)
  An adder (D:3)
  A worm (D:4)
  A dart slug (D:1)
  10 orcs
  3 endoplasms
  3 giant cockroaches
  4 goblins
  3 hobgoblins (D:1)
  4 jackals (D:1)
  5 quokkas
  6 ball pythons
  3 bats (D:1)
  A frilled lizard (D:1)
  2 kobolds
  6 rats
58 creatures vanquished.

Notes
Turn   | Place    | Note
-------+----------+-------------------------------------------
     0 | D:1      | dohliylev the Minotaur Berserker began the quest for the
                  | Orb.
     0 | D:1      | Reached XP level 1. HP: 19/19 MP: 0/0
   139 | D:1      | Reached XP level 2. HP: 26/27 MP: 1/1
   746 | D:1      | Reached XP level 3. HP: 32/34 MP: 2/2
   806 | D:1      | Reached ** piety under Trog
  1262 | D:2      | Found a faded altar of an unknown god.
  1269 | D:2      | Noticed Natasha
  1273 | D:2      | Killed Natasha
  1336 | D:2      | Noticed Natasha
  1341 | D:2      | Killed Natasha
  1342 | D:2      | Reached XP level 4. HP: 39/41 MP: 3/3
  1365 | D:2      | Noticed Natasha
  1372 | D:2      | Killed Natasha
  1373 | D:2      | Reached skill level 5 in Axes
  2066 | D:3      | You fall into a shaft and drop 2 floors!
  2066 | D:5      | Entered Level 5 of the Dungeon
  2081 | D:5      | Reached skill level 5 in Fighting
  2081 | D:5      | Reached XP level 5. HP: 48/48 MP: 4/4
  2114 | D:5      | Noticed a phantom
  2174 | D:4      | Slain by an orc

Illustrated notes

Levels and vault maps discovered:
D:1:      dpeg_arrival_pits, layout_basic, chequers_serial_rivers_room_a,
          minmay_pentomino_s4
D:2:      layout_basic, shapermc_ecumenical_altar_acropolis, uniq_natasha
D:3:      layout_loops_corners, nrook_loot_triangle
D:4:      layout_rooms, minmay_temple_entry_waves, portal_sewer_entry_f
D:5:      layout_basic

Skill      XL: |  1  2  3  4  5 |
---------------+----------------+-----
Fighting       | 4 5 |  5.2
Axes           | 4 5 |  5.7
Armour         | 3 |  3.2
Dodging        | 3 |  3.1

Action                   |  1- 3 |  4- 6 || total
-------------------------+-------+-------++-------
Melee: Hand axe          |    64 |    49 ||   113
       Headbutt          |     6 |     4 ||    10
Invok: Trog's Hand       |       |     2 ||     2
       Berserk           |       |     2 ||     2
Armor: Animal skin       |     7 |       ||     7
       Leather armour    |     6 |     2 ||     8
       Ring mail         |       |     8 ||     8
Dodge: Dodged            |    54 |    24 ||    78

Table legend: (Time is in decaauts)
 A = Elapsed time spent in this place.
 B = Non-inter-level travel time spent in this place.
 C = Inter-level travel time spent in this place.
 D = Time resting spent in this place.
 E = Time spent auto-exploring this place.
 F = Levels seen in this place.
 G = Mean time per level.
                   A        B        C        D        E       F      G
               +--------+--------+--------+--------+--------+-----+--------+
         Total |   2212 |   2163 |     49 |    219 |   1493 |   5 |  442.4 |
       Dungeon |   2212 |   2163 |     49 |    219 |   1493 |   5 |  442.4 |
               +--------+--------+--------+--------+--------+-----+--------+

Top non-repeatable levels by time:
     D:1: 1240 daAuts
     D:2: 754 daAuts
     D:3: 96 daAuts
     D:5: 65 daAuts
     D:4: 56 daAuts
